 Dungeon Crawl Stone Soup version 0.30-a0-639-g3916f1956a (webtiles) character file.

Game seed: 3372510327994496253

2276 Persephone the Basher (level 9, 0/51 HPs)
             Began as a Gargoyle Berserker on Jan 15, 2023.
             Was a Priest of Trog.
             Slain by a wyvern (8 damage)
             ... on level 7 of the Dungeon.
             The game lasted 00:11:09 (4811 turns).

Persephone the Basher (Gargoyle Berserker)          Turns: 4811, Time: 00:11:10

Health: 0/51       AC: 20    Str: 26    XL:     9   Next: 39%
Magic:  9/9        EV:  5    Int:  7    God:    Trog [***...]
Gold:   332        SH:  6    Dex:  9    Spells: 8/8 levels left

rFire   . . .      SeeInvis .    q - +2 whip (freeze)
rCold   . . .      Faith    .    t - +0 kite shield
rNeg    + . .      Spirit   .    r - +0 plate armour
rPois   ∞          Reflect  .    v - +1 hat
rElec   +          Harm     .    (no cloak)
rCorr   +          Rampage  .    n - +1 pair of gloves
Will    .....                    (no boots) Stlth
                                 b - amulet "Tisitoubem" {Acrobat rCorr}
HPRegen 0.28/turn                (no ring)
MPRegen 0.11/turn                (no ring)

@: no status effects
A: sickness immunity, AC +6, negative energy resistance 1, electricity
resistance, torment resistance 1, petrification resistance
a: Renounce Religion, Berserk, Trog's Hand


You were on level 7 of the Dungeon.
You worshipped Trog.
Trog was most pleased with you.
You visited 1 branch of the dungeon, and saw 7 of its levels.

You collected 332 gold pieces.

Inventory:

Hand Weapons
 a - a +0 mace
 q - a +2 whip of freezing (weapon)
Missiles
 c - a throwing net
Armour
 n - a +1 pair of gloves (worn)
 r - a +0 plate armour (worn)
 t - a +0 kite shield (worn)
 v - a +1 hat (worn)
Jewellery
 b - the amulet "Tisitoubem" (around neck) {Acrobat rCorr}
   (You acquired it on level 5 of the Dungeon)

   [amulet of the acrobat]

   It increases your evasion while moving and waiting.
   rCorr:     It protects you from acid and corrosion.
Wands
 g - a wand of polymorph (5)
 i - a wand of flame (35)
 o - a wand of quicksilver (24)
Scrolls
 j - a scroll of blinking
 k - a scroll of teleportation
 u - 7 scrolls of identify
Potions
 d - a potion of lignification {unknown}
 e - 2 potions of attraction
 f - a potion of haste
 h - a potion of invisibility
 l - a potion of magic
 m - a potion of heal wounds {unknown}
 p - a potion of curing
 s - a potion of berserk rage {unknown}


   Skills:
 - Level 3.2 Fighting
 + Level 12.5 Maces & Flails
 - Level 2.1 Armour
 - Level 1.5 Dodging


You had 8 spell levels left.
You didn't know any spells.
Your spell library was empty.

Dungeon Overview and Level Annotations

Branches:
Dungeon (7/15)             Temple (0/1) D:4

Altars:
Ashenzari
Vehumet

Shops:
D:5 [


Innate Abilities, Weirdness & Mutations

You are immune to sickness and miasma.
Your stone body is resilient. (AC +6)
You are immune to poison.
You resist negative energy. (rN+)
You are resistant to electric shocks. (rElec)
You are resistant to unholy torment.
You are immune to petrification.


Message History

You are too injured to fight recklessly!
You hit something but do no damage.
The wyvern bites you but does no damage.
Something hits you but does no damage.
You whack something! You freeze something. The wyvern barely misses you.
You miss something. Something hits you but does no damage.
The wyvern bites you but does no damage.
You hit something. You freeze something. The wyvern barely misses you.
Something hits you but does no damage.
You miss something. You block the wyvern's attack.
Something hits you but does no damage.
You miss something. The wyvern bites you!
You hit something. You freeze something.
The wyvern bites you but does no damage.
Something hits you but does no damage.
You closely miss something.
The wyvern bites you but does no damage.
Something hits you but does no damage.
You barely miss something. You block the wyvern's attack.
You hit something. You freeze something. The wyvern bites you.
Something hits you but does no damage.
You hit something. You freeze something. You block the wyvern's attack.
Something hits you but does no damage.
You hit something. You freeze something.
The wyvern bites you but does no damage.
You barely miss something. The wyvern bites you.
Something hits you but does no damage.
You closely miss something. The wyvern bites you!
* * * LOW HITPOINT WARNING * * *
Something hits you but does no damage.
You whack something! You freeze something. Trog accepts your kill.
Reactivating autopickup.
You feel a bit more experienced. You block the wyvern's attack.
The wyvern misses you. The wyvern closely misses you.
You see here a sky beast corpse.
You whack the wyvern! You freeze the wyvern.
The wyvern is severely wounded.
The wyvern bites you!
You die...

#.# #.# #.# #.#
###.###.#
####.#...#.#
.#######......#.#.#
...................#
..........>.....#.##
..###..#...........
#l@#.........#..
#..#.........#..#
#...#......#.## .#
#..............
+......#.......
#........... #.....
+......


You could see a wyvern.

Vanquished Creatures
  Pikel (D:5)
  Sigmund (D:5)
  A steam dragon (D:6)
  An ice beast (D:5)
  A sky beast (D:7)
  2 ogres (D:6)
  A gnoll sergeant (D:6)
  A scorpion (D:5)
  A bullfrog (D:5)
  A necrophage (D:6)
  A wyvern zombie (D:3)
  A wyvern skeleton (D:3)
  A water moccasin skeleton (D:3)
  The ghost of drugrobin the Sneak, a weakling DgDe (D:3)
  3 orc priests (D:3)
  A bullfrog skeleton (D:3)
  A gnoll bouda (D:6)
  A hound (D:6)
  2 jellies
  8 orc wizards
  2 iguanas
  11 gnolls
  7 adders
  A white imp (D:6)
  2 ufetubi
  2 worms
  A dart slug (D:5)
  24 orcs
  6 bats
  4 endoplasms
  3 giant cockroaches
  6 goblins
  3 hobgoblins
  3 quokkas
  8 ball pythons
  4 frilled lizards
  3 kobolds
  5 rats
126 creatures vanquished.

Notes
Turn   | Place    | Note
-------+----------+-------------------------------------------
     0 | D:1      | Persephone the Gargoyle Berserker began the quest for the
                  | Orb.
     0 | D:1      | Reached XP level 1. HP: 14/14 MP: 1/1
   225 | D:1      | Reached XP level 2. HP: 14/19 MP: 2/2
   689 | D:2      | Reached skill level 4 in Maces & Flails
   689 | D:2      | Reached XP level 3. HP: 20/23 MP: 3/3
  1076 | D:2      | Reached ** piety under Trog
  1123 | D:2      | Reached XP level 4. HP: 28/28 MP: 4/4
  1507 | D:3      | Reached skill level 5 in Maces & Flails
  1570 | D:3      | HP: 1/28 [gnoll/+0 club (2)]
  1585 | D:3      | Reached XP level 5. HP: 24/32 MP: 5/5
  1619 | D:3      | Reached skill level 6 in Maces & Flails
  1858 | D:3      | Reached XP level 6. HP: 37/37 MP: 6/6
  1990 | D:3      | Found a faded altar of an unknown god.
  2133 | D:3      | Found a runed translucent gate.
  2133 | D:3      | Found a runed translucent gate.
  2141 | D:3      | Found a runed translucent gate.
  2144 | D:3      | Noticed drugrobin's ghost (weakling DgDe)
  2489 | D:3      | Killed drugrobin's ghost
  2494 | D:3      | Reached skill level 7 in Maces & Flails
  2510 | D:3      | Reached XP level 7. HP: 35/41 MP: 7/7
  2621 | D:4      | Found a staircase to the Ecumenical Temple.
  3111 | D:4      | Found a radiant altar of Vehumet.
  3267 | D:5      | Entered Level 5 of the Dungeon
  3282 | D:5      | Reached skill level 8 in Maces & Flails
  3349 | D:5      | Found a broken altar of Ashenzari.
  3366 | D:5      | Noticed Sigmund
  3394 | D:5      | Killed Sigmund
  3395 | D:5      | Reached skill level 9 in Maces & Flails
  3422 | D:5      | Reached XP level 8. HP: 46/46 MP: 8/8
  3573 | D:5      | Noticed Pikel
  3586 | D:5      | Killed Pikel
  3587 | D:5      | Reached skill level 10 in Maces & Flails
  3746 | D:5      | Found Luxiz's Armour Boutique.
  4010 | D:5      | Identified a scroll of acquirement
  4010 | D:5      | Acquired the amulet "Tisitoubem" {Acrobat rCorr}
  4039 | D:6      | Reached skill level 11 in Maces & Flails
  4132 | D:6      | Reached XP level 9. HP: 51/51 MP: 9/9
  4280 | D:6      | Reached skill level 12 in Maces & Flails
  4363 | D:6      | Reached *** piety under Trog
  4811 | D:7      | Slain by a wyvern

Illustrated notes

Levels and vault maps discovered:
D:1:      dreamdust_arrival_beginning_and_end, layout_loops_ring,
          serial_bayou_pond_d
D:2:      layout_loops_ring
D:3:      layout_loops_ring, gammafunk_ghost_necromancy,
          hellmonk_ecumenical_altar_heavens_door, minmay_quadrilaterals
D:4:      layout_basic, overflow_temple_1_default,
          minmay_temple_entry_stoned_glass
D:5:      layout_cave_pools, ashenzari_altar_1, serial_shops,
          nicolae_shop_trees, uniq_sigmund, uniq_pikel
D:6:      layout_cave_pools
D:7:      layout_basic, mainiacjoe_overflow_24_doors,
          gammafunk_ghost_nasty_kobolds, uniq_prince_ribbit1

Skill      XL: |  1  2  3  4  5  6  7  8  9 |
---------------+----------------------------+-----
Maces & Flails | 4 5 6 7 9 11 12 | 12.5
Fighting       | |  3.2
Armour         | |  2.1
Dodging        | |  1.5

Action                   |  1- 3 |  4- 6 |  7- 9 || total
-------------------------+-------+-------+-------++-------
Melee: Mace              |    98 |   135 |   104 ||   337
       Punch             |       |     1 |     1 ||     2
       Whip              |       |       |   187 ||   187
Invok: Berserk           |       |     4 |     4 ||     8
       Trog's Hand       |       |     4 |     4 ||     8
  Use: Scroll            |     2 |     6 |     6 ||    14
       Potion            |       |     3 |       ||     3
Armor: Leather armour    |    26 |       |       ||    26
       Animal skin       |     2 |       |       ||     2
       Chain mail        |    37 |   114 |     3 ||   154
       Plate armour      |       |       |   169 ||   169
Dodge: Dodged            |    79 |    73 |    78 ||   230
Block: Kite shield       |       |       |    11 ||    11

Table legend: (Time is in decaauts)
 A = Elapsed time spent in this place.
 B = Non-inter-level travel time spent in this place.
 C = Inter-level travel time spent in this place.
 D = Time resting spent in this place.
 E = Time spent auto-exploring this place.
 F = Levels seen in this place.
 G = Mean time per level.
                   A        B        C        D        E       F      G
               +--------+--------+--------+--------+--------+-----+--------+
         Total |   4834 |   4632 |    202 |      0 |   3602 |   7 |  690.6 |
       Dungeon |   4834 |   4632 |    202 |      0 |   3602 |   7 |  690.6 |
               +--------+--------+--------+--------+--------+-----+--------+

Top non-repeatable levels by time:
     D:3: 1128 daAuts
     D:2: 820 daAuts
     D:5: 804 daAuts
     D:4: 694 daAuts
     D:1: 686 daAuts
     D:6: 665 daAuts
     D:7: 33 daAuts
